 Dungeon Crawl Stone Soup version 0.17.0-22-g5edae84 (webtiles) character file.

53361 dorian the Gelid (level 14, -9/111 HPs)
             Began as a White Draconian Fire Elementalist on Nov 12, 2015.
             Was a High Priest of Vehumet.
             Mangled by a boulder beetle (26 damage)
             ... on level 7 of the Lair of Beasts.
             The game lasted 01:41:13 (32530 turns).

dorian the Gelid (DrFE)                            Turns: 32530, Time: 01:41:13

Health: -9/111     AC: 17    Str: 12    XL:     14   Next: 30%
Magic:  7/27       EV: 14    Int: 25    God:    Vehumet [*****.]
Gold:   1205       SH:  0    Dex: 12    Spells: 9 memorised, 3 levels left

rFire  . . .     SeeInvis .     v - +3 flail (protect)
rCold  + . .     Clarity  .     (armour unavailable)
rNeg   . . .     SustAt   .     (no shield)
rPois  +         Gourm    .     O - +0 hat
rElec  .         Spirit   .     T - +2 cloak {+Inv}
rCorr  .         Warding  .     (no gloves)
rMut   .         Stasis   .     D - +0 pair of boots
MR     +....                    (no amulet)
Stlth  ++........               w - ring of poison resistance
                                h - +6 ring of intelligence

@: somewhat resistant to hostile enchantments, unstealthy
A: breathe frost, unfitting armour, cold resistance 1, cold-blooded, AC +8
a: Breathe Frost, Renounce Religion, Evoke Invisibility


You were on level 7 of the Lair of Beasts.
You worshipped Vehumet.
Vehumet was extremely pleased with you.
You were not hungry.

You visited 3 branches of the dungeon, and saw 21 of its levels.
You also visited: Ossuary.

You collected 1272 gold pieces.
You spent 67 gold pieces at shops.

Inventory:

Hand Weapons
 k - a +1 flail of flaming
 v - a +3 flail of protection (weapon)
Missiles
 L - 9 javelins (quivered)
Armour
 D - a +0 pair of boots (worn)
 H - a +1 cloak
 K - the +0 cloak "Rac Issiv" {rElec Dex+2 Slay-6}
   (You found it on level 8 of the Dungeon)

   It affects your dexterity (+2).
   It affects your accuracy and damage with ranged weapons and melee attacks
   (-6).
   It insulates you from electricity.
 O - a +0 hat (worn)
 T - a +2 cloak of invisibility (worn)
Magical Staves
 i - an uncursed staff of summoning
 I - an uncursed staff of conjuration
Jewellery
 h - a +6 ring of intelligence (left hand)
 p - an uncursed ring of positive energy
 s - an uncursed amulet of stasis
 u - an uncursed amulet of warding
 w - a ring of poison resistance (right hand)
 G - an uncursed amulet of guardian spirit
 J - an uncursed ring of protection from cold
Wands
 r - a wand of slowing (18)
 F - a wand of teleportation (7)
 V - a wand of frost (14)
Scrolls
 d - 9 scrolls of remove curse
 e - 10 scrolls of identify
 j - 5 scrolls of enchant weapon
 l - 4 scrolls of random uselessness
 n - 2 scrolls of immolation
 q - 5 scrolls of amnesia
 y - 4 scrolls of enchant armour
 N - 2 scrolls of magic mapping
 P - 8 scrolls of teleportation
 U - a scroll of recharging
Potions
 c - 4 potions of flight
 f - a potion of heal wounds
 m - a potion of poison
 o - 3 potions of ambrosia
 t - 10 potions of curing
 x - 2 potions of lignification
 z - 3 potions of might
 A - a potion of cancellation
 M - a potion of mutation
 R - 3 potions of brilliance
Books
 a - a book of Flames

   Spells                             Type                      Level
   a - Flame Tongue                   Conjuration/Fire             1
   b - Throw Flame                    Conjuration/Fire             2
   c - Conjure Flame                  Conjuration/Fire             3
   d - Inner Flame                    Hexes/Fire                   3
   e - Sticky Flame                   Conjuration/Fire             4
   f - Fireball                       Conjuration/Fire             5
 B - a book of Party Tricks

   Spells                             Type                      Level
   a - Summon Butterflies             Summoning                    1
   b - Apportation                    Translocation                1
   c - Tukima's Dance                 Hexes                        3
   d - Alistair's Intoxication        Transmutation/Poison         4
   e - Invisibility                   Hexes                        6
 X - a book of Frost

   Spells                             Type                      Level
   a - Freeze                         Ice                          1
   b - Throw Frost                    Conjuration/Ice              2
   c - Ozocubu's Armour               Charms/Ice                   3
   d - Throw Icicle                   Conjuration/Ice              4
   e - Summon Ice Beast               Ice/Summoning                4
   f - Condensation Shield            Ice                          4
Miscellaneous
 S - a box of beasts
Comestibles
 b - 9 bread rations
 g - 2 fruits
 C - 7 meat rations
 E - 8 beef jerkies


   Skills:
 - Level 6.8 Fighting
 + Level 5.3 Dodging
 - Level 1.7 Stealth
 - Level 9.3 Spellcasting
 + Level 14.3 Conjurations
 - Level 5.0 Fire Magic
 + Level 15.4 Ice Magic
 + Level 7.3 Air Magic


You had 3 spell levels left.
You knew the following spells:

 Your Spells              Type           Power        Failure   Level  Hunger
a - Flame Tongue          Conj/Fire      #####        1%          1    None
b - Conjure Flame         Conj/Fire      ######..     1%          3    None
c - Sticky Flame          Conj/Fire      ######..     1%          4    #......
d - Throw Frost           Conj/Ice       ######       1%          2    None
e - Throw Icicle          Conj/Ice       ######..     1%          4    #......
f - Apportation           Tloc           ##........   8%          1    None
g - Freezing Cloud        Conj/Ice/Air   ######....   1%          6    ######.
h - Ozocubu's Armour      Chrm/Ice       ######..     1%          3    None
i - Condensation Shield   Ice            ######....   1%          4    #......


Dungeon Overview and Level Annotations

Branches:
Dungeon (12/15)            Temple (1/1) D:4            Lair (8/8) D:10
 Shoals (0/4) Lair:3       Spider (0/4) Lair:4        Slime (0/6) Lair:7
    Orc: D:9-12

Altars:
Ashenzari
Cheibriados
Dithmenos
Elyvilon
Fedhas
Gozag
Kikubaaqudgha
Makhleb
Nemelex Xobeh
Okawaru
Qazlal
Ru
Sif Muna
Trog
Vehumet
Xom
Yredelemnul
Zin
The Shining One

Shops:
D:7 }   D:8 *

Annotations:
D:10 4 runed doors
D:12 Erolcha
Lair:4 exclusion: 2 oklob plants


Innate Abilities, Weirdness & Mutations

You can breathe waves of freezing cold.
You can buffet flying creatures when you breathe cold.
Your icy white scales are hard (AC +8).
Your body does not fit into most forms of armour.
Your flesh is cold resistant.
You are cold-blooded and may be slowed by cold attacks.


Message History

Casting: Sticky Flame
Confirm with . or Enter, or press ? or * to list all spells.
Aiming: Sticky Flame
Press: ? - help, Shift-Dir - straight line, f - boulder beetle, p - vampire mosquito
Aim: a boulder beetle (severely wounded, rolling)
The sticky flame hits the boulder beetle.
The boulder beetle appears unharmed.
The boulder beetle is severely wounded.
The boulder beetle is covered in liquid flames!
The vampire mosquito burns!
You destroy the vampire mosquito!
Vehumet accepts your kill.
You feel your power returning.
The boulder beetle burns!
The boulder beetle smashes into you!
The boulder beetle stops rolling.
The boulder beetle bites you!!!
* * * LOW HITPOINT WARNING * * *
You hit the boulder beetle but do no damage.
The boulder beetle is almost dead.
The boulder beetle burns!
The boulder beetle bites you!!
You die...

##......<>........<..............
.....................#...#.......
..............#......#.#.......P.
.............#.##.......#....#...
.............##........##....####
...................>....#......##
.................§..†....#....###
................B...#....#....P#
.#..............@...##.#......P#
###.......>†...........#......###
.#.................P...##.....#.#
..#..........##..................
P##............................P.
.................................
.................................
.................................
.................................


You could see a boulder beetle (burning).

Vanquished Creatures
  Gastronok (D:8)
  Snorg (Lair:5)
  5 hydras
  6 death yaks
  Urug (Lair:4)
  2 fire crabs (Lair:7)
  Pikel (D:6)
  An orb spider (Lair:4)
  2 hill giants (D:10)
  A cyclops (D:8)
  12 elephants
  3 black mambas
  A torpor snail (Lair:7)
  14 spiny frogs
  3 fire drakes
  2 trolls
  A polar bear (Lair:2)
  Grinder (D:3)
  Prince Ribbit (D:6)
  6 komodo dragons
  A trapdoor spider zombie (D:8)
  17 blink frogs
  A two-headed ogre (D:8)
  A deep elf mage (D:9)
  A spriggan (Lair:2)
  A shadow (D:11)
  3 basilisks
  34 yaks
  2 wyverns
  Grum (Lair:1)
  3 vampire mosquitoes (Lair:7)
  10 hippogriffs
  19 wolves
  20 water moccasins
  A slave (D:6)
  13 porcupines
  2 sky beasts
  5 ice beasts
  5 orc warriors
  A black bear (Lair:2)
  A necrophage (D:5)
  8 centaurs
  3 phantoms
  8 ogres
  11 crocodiles
  The ghost of Uberwunderbarhen the Ducker, an amateur OpFi of Makhleb (Ossuary)
  2 big kobolds
  2 elf zombies (Ossuary)
  2 gnoll sergeants
  23 giant frogs
  A scorpion (D:7)
  8 killer bees
  5 wights (D:6)
  A water moccasin skeleton (D:6)
  8 electric eels
  A centaur zombie (Ossuary)
  3 crimson imps
  4 jellies
  16 iguanas
  3 giant frog zombies
  2 hounds (D:7)
  10 orc wizards
  Crazy Yiuf (D:2)
  A wasp zombie (D:11)
  Ijyb (D:3)
  5 orc priests
  2 giant frog skeletons (D:8)
  3 human zombies (Ossuary)
  3 worker ants
  2 big kobold zombies (Ossuary)
  50 sheep
  A hound skeleton (D:5)
  3 mummies
  Robin (D:3)
  16 adders
  20 gnolls
  78 river rats
  A worker ant zombie (D:6)
  3 shadow imps
  2 oozes (D:1)
  An adder zombie (Ossuary)
  4 worms
  9 giant geckos
  43 orcs
  12 bats
  5 giant cockroaches
  8 hobgoblins
  6 jackals
  3 quokkas
  2 ball pythons
  A giant gecko skeleton (D:7)
  6 giant newts
  12 goblins
  7 hobgoblin zombies (Ossuary)
  3 jackal zombies
  19 kobolds
  7 kobold zombies (Ossuary)
  11 orc zombies (Ossuary)
  2 quokka skeletons
  A quokka zombie (D:5)
  8 rats
  A rat zombie (Ossuary)
  2 plants
695 creatures vanquished.

Vanquished Creatures (others)
  A giant frog zombie (D:9)
  An orc (D:8)
  A bush (Lair:7)
  33 fungi
  34 plants
70 creatures vanquished.

Grand Total: 765 creatures vanquished

Notes
Turn   | Place    | Note
--------------------------------------------------------------
     0 | D:1      | dorian the Draconian Fire Elementalist began the quest for the Orb.
     0 | D:1      | Reached XP level 1. HP: 14/14 MP: 3/3
   138 | D:1      | Reached XP level 2. HP: 4/20 MP: 0/5
   833 | D:1      | Reached XP level 3. HP: 24/26 MP: 6/6
  1738 | D:2      | Reached skill level 4 in Fire Magic
  1738 | D:2      | Reached XP level 4. HP: 26/33 MP: 0/7
  1817 | D:2      | Noticed Crazy Yiuf
  1829 | D:2      | Killed Crazy Yiuf
  2446 | D:3      | Learned a level 3 spell: Conjure Flame
  2687 | D:3      | Reached XP level 5. HP: 34/38 MP: 1/8
  2823 | D:3      | Noticed Robin
  2879 | D:3      | Killed Robin
  3327 | D:3      | Reached skill level 5 in Fire Magic
  3580 | D:3      | Learned a level 4 spell: Sticky Flame
  3617 | D:3      | Noticed Ijyb
  3627 | D:3      | Killed Ijyb
  3627 | D:3      | Reached XP level 6. HP: 43/45 MP: 0/9
  3792 | D:3      | Noticed Grinder
  3805 | D:3      | Killed Grinder
  3805 | D:3      | Reached skill level 5 in Conjurations
  3867 | D:3      | Reached skill level 6 in Fire Magic
  3867 | D:3      | Reduced skill Fire Magic to level 5
  3867 | D:3      | Your scales start taking on an icy white colour.
  3867 | D:3      | Gained mutation: Your flesh is cold resistant. [White Draconian growth]
  3867 | D:3      | Reached XP level 7. HP: 50/50 MP: 2/10
  4056 | D:3      | Found a stormy altar of Qazlal.
  4057 | D:3      | Noticed an air elemental
  4059 | D:3      | Noticed a water elemental
  4059 | D:3      | Noticed a fire elemental
  4313 | D:4      | Found a blossoming altar of Fedhas.
  4414 | D:4      | Found an ancient bone altar of Kikubaaqudgha.
  4446 | D:4      | Found a staircase to the Ecumenical Temple.
  4454 | Temple   | Entered the Ecumenical Temple
  4502 | Temple   | Became a worshipper of Vehumet
  4869 | D:4      | Reached skill level 6 in Conjurations
  5210 | D:5      | Entered Level 5 of the Dungeon
  5262 | D:5      | Found a sand-covered staircase.
  5289 | Ossuary  | Entered an ossuary
  5315 | Ossuary  | Noticed Uberwunderbarhen's ghost (amateur OpFi)
  5333 | Ossuary  | Killed Uberwunderbarhen's ghost
  5777 | Ossuary  | Reached * piety under Vehumet
  5777 | Ossuary  | Offered knowledge of Sandblast by Vehumet.
  5811 | Ossuary  | Reached skill level 7 in Conjurations
  6310 | Ossuary  | Reached XP level 8. HP: 57/57 MP: 10/12
  6439 | D:5      | Reached skill level 8 in Conjurations
  6839 | D:5      | Offered knowledge of Sting by Vehumet.
  6846 | D:5      | Reached ** piety under Vehumet
  7209 | D:5      | Reached skill level 5 in Spellcasting
  7459 | D:6      | Reached skill level 1 in Fighting
  7459 | D:6      | Reached XP level 9. HP: 62/64 MP: 11/17
  7477 | D:6      | Reached skill level 9 in Conjurations
  7579 | D:6      | Noticed Prince Ribbit
  7843 | D:6      | Killed Prince Ribbit
  7949 | D:6      | Noticed Pikel
  8190 | D:6      | Killed Pikel
  8345 | D:6      | Offered knowledge of Throw Frost by Vehumet.
  8355 | D:6      | Learned a level 2 spell: Throw Frost
  8850 | D:7      | Reached skill level 5 in Fighting
  8850 | D:7      | Reached skill level 1 in Ice Magic
  8910 | D:7      | Reached *** piety under Vehumet
  9075 | D:7      | Reached skill level 10 in Conjurations
  9398 | D:7      | Found Efoamom's Gadget Emporium.
  9406 | D:7      | Reached XP level 10. HP: 77/81 MP: 20/20
  9764 | D:7      | Offered knowledge of Throw Icicle by Vehumet.
  9770 | D:7      | Learned a level 4 spell: Throw Icicle
 10537 | D:8      | Got a scorched cloak
 10548 | D:8      | Identified the cursed +0 cloak "Rac Issiv" {rElec Dex+2 Slay-6} (You found it on level 8 of the Dungeon)
 10728 | D:8      | Found Uskiquol's General Store.
 10731 | D:8      | Noticed Gastronok
 10732 | D:8      | Noticed a cyclops
 11130 | D:9      | Found a stormy altar of Qazlal.
 11137 | D:9      | Found a bloodstained altar of Trog.
 11137 | D:9      | Found a sacrificial altar of Ru.
 11139 | D:9      | Found a burning altar of Makhleb.
 11139 | D:9      | Found an iron altar of Okawaru.
 11779 | D:9      | Reached skill level 5 in Ice Magic
 12006 | D:10     | Entered Level 10 of the Dungeon
 12300 | D:10     | Noticed a hill giant
 12305 | D:10     | Killed a hill giant
 12305 | D:10     | Reached **** piety under Vehumet
 12358 | D:10     | Found a huge runed gate.
 12359 | D:10     | Found a huge runed gate.
 12360 | D:10     | Found a huge runed gate.
 12361 | D:10     | Noticed a griffon
 12361 | D:10     | Found a huge runed gate.
 12361 | D:10     | Noticed a griffon
 12377 | D:10     | Noticed an elephant
 12403 | D:10     | Killed an elephant
 12501 | D:10     | Found a staircase to the Lair.
 13226 | D:10     | Offered knowledge of Lee's Rapid Deconstruction by Vehumet.
 13280 | D:11     | Found a shadowy altar of Dithmenos.
 13982 | D:11     | Reached XP level 11. HP: 72/88 MP: 14/22
 14222 | D:11     | Reached skill level 11 in Conjurations
 14911 | D:11     | Reached ***** piety under Vehumet
 15153 | D:12     | Noticed Erolcha
 15435 | D:8      | Killed Gastronok
 15435 | D:8      | Reached skill level 10 in Ice Magic
 16098 | D:8      | Killed a cyclops
 16186 | D:8      | Bought a potion of mutation for 37 gold pieces
 16186 | D:8      | Bought a scroll of identify for 30 gold pieces
 16340 | D:8      | Offered knowledge of Poison Arrow by Vehumet.
 16611 | Lair:1   | Entered Level 1 of the Lair of Beasts
 16740 | Lair:1   | Learned a level 1 spell: Apportation
 16757 | D:10     | Noticed a hill giant
 16762 | D:10     | Killed a hill giant
 17281 | Lair:1   | Noticed Grum
 17292 | Lair:1   | Killed Grum
 17447 | Lair:1   | Reached skill level 12 in Ice Magic
 17733 | Lair:1   | Reached XP level 12. HP: 86/94 MP: 16/24
 19231 | Lair:1   | Reached skill level 13 in Ice Magic
 20081 | Lair:2   | Found a snail-covered altar of Cheibriados.
 21887 | Lair:3   | Noticed a four-headed hydra
 21891 | Lair:3   | Killed a four-headed hydra
 22422 | Lair:3   | Found a burning altar of Makhleb.
 22853 | Lair:3   | Found a staircase to the Shoals.
 23207 | Lair:3   | Reached ****** piety under Vehumet
 23207 | Lair:3   | Offered knowledge of Freezing Cloud by Vehumet.
 23207 | Lair:3   | Reached skill level 14 in Ice Magic
 23215 | Lair:3   | Learned a level 6 spell: Freezing Cloud
 23525 | Lair:3   | Reached skill level 1 in Air Magic
 23729 | Lair:4   | Found a hole to the Spider Nest.
 24039 | Lair:4   | Noticed Urug
 24047 | Lair:4   | Killed Urug
 24129 | Lair:4   | Reached XP level 13. HP: 101/101 MP: 21/26
 24224 | Lair:4   | Noticed a seven-headed hydra
 24227 | Lair:4   | Killed a seven-headed hydra
 25803 | Lair:5   | Noticed Snorg
 26270 | Lair:5   | Killed Snorg
 27173 | Lair:4   | Reached skill level 5 in Air Magic
 28097 | Lair:6   | Learned a level 3 spell: Ozocubu's Armour
 28247 | Lair:6   | Offered knowledge of Iron Shot by Vehumet.
 28510 | Lair:6   | You fall through a shaft for 2 floors!
 28510 | Lair:8   | Entered Level 8 of the Lair of Beasts
 28529 | Lair:7   | HP: 3/103 [spiny frog (3)]
 29571 | Lair:6   | Learned a level 4 spell: Condensation Shield
 30343 | Lair:6   | Reached skill level 15 in Ice Magic
 30467 | Lair:7   | Found a staircase to the Slime Pits.
 30722 | Lair:7   | Reached XP level 14. HP: 111/111 MP: 7/27
 31488 | Lair:7   | Reached skill level 5 in Dodging
 32530 | Lair:7   | Mangled by a boulder beetle

Action                   |  1- 3 |  4- 6 |  7- 9 | 10-12 | 13-15 || total
-------------------------+-------+-------+-------+-------+-------++-------
Melee: Unarmed           |    28 |     5 |       |       |       ||    33
       Quarterstaff      |       |     7 |       |       |       ||     7
       Flail             |       |    18 |   357 |   560 |   168 ||  1103
       Staff             |       |       |       |     3 |       ||     3
 Cast: Flame Tongue      |    65 |    86 |   161 |   379 |    24 ||   715
       Conjure Flame     |       |     1 |     1 |     1 |       ||     3
       Sticky Flame      |       |     1 |    23 |   169 |   110 ||   303
       Throw Icicle      |       |       |       |    42 |   161 ||   203
       Throw Frost       |       |       |       |    14 |    19 ||    33
       Apportation       |       |       |       |     3 |       ||     3
       Ozocubu's Armour  |       |       |       |       |     8 ||     8
       Condensation Shie |       |       |       |       |     1 ||     1
 Abil: Breathe Frost     |       |       |     3 |    31 |    17 ||    51
  Use: Scroll            |       |     1 |    11 |     8 |     3 ||    23
       Potion            |       |       |     6 |     8 |     4 ||    18
 Stab: Sleeping          |       |       |     2 |     4 |     2 ||     8
       Distracted        |       |       |     1 |       |     1 ||     2
  Eat: Chunk             |     4 |     6 |    12 |    44 |    18 ||    84
       Pizza             |       |     1 |       |     1 |       ||     2
       Fruit             |       |       |     1 |    17 |    17 ||    35
       Royal jelly       |       |       |     1 |     1 |       ||     2
       Meat ration       |       |       |     1 |       |       ||     1
       Bread ration      |       |       |     1 |       |       ||     1
       Beef jerky        |       |       |       |       |     1 ||     1
